3L
MONTANA PANDAS @ LAS VEGAS FLAMINGOS
07/13/2025
 
TOP OF THE 1ST
Montana Pandas batting - Pitching for Las Vegas Flamingos : RHP David Collingwood
Pitching: RHP David Collingwood
Batting: LHB Chris Etheridge 0-0: Ball
1-0: Ground out 1-3 (Groundball, 15S)
Batting: RHB Gabriel Maldonado 0-0: Ball
1-0: Ball
2-0: Ball
3-0: Base on Balls
Batting: LHB Andrés Chávez 0-0: Called Strike
0-1: Fielders Choice at 2nd, 3-6 (Groundball, 34)
Batting: LHB Mario Cruz 0-0: Ball
1-0: Called Strike
1-1: Called Strike
1-2: Strikes out looking
Top of the 1st over - 0 run(s), 0 hit(s), 0 error(s), 1 left on base; Montana 0 - Las Vegas 0
BOTTOM OF THE 1ST
Las Vegas Flamingos batting - Pitching for Montana Pandas : RHP Cisco Cruz
Pitching: RHP Cisco Cruz
Batting: RHB Sake van Arem 0-0: Foul Ball, location: 2F
0-1: SINGLE (Line Drive, 5)
Batting: SHB Kunimichi Chikafuji 0-0: Called Strike
Sake van Arem steals 2nd base
0-1: SINGLE (Groundball, 6MD)
Sake van Arem to third
Runner from 3rd tries for Home, SAFE, no throw
Batting: LHB Victor Adams 0-0: Ball
1-0: Foul Ball, location: 2F
1-1: Ball
2-1: Ball
3-1: SINGLE (Groundball, 3D)
Kunimichi Chikafuji to second
Runner from 2nd tries for 3rd, SAFE, throw made to third
Now in RF: Dave Knight
Batting: LHB Chris McKinney 0-0: Ball
1-0: Called Strike
1-1: Ball
2-1: Ball
3-1: Base on Balls
Victor Adams to second
Batting: RHB Jeff Young 0-0: Ball
1-0: Grounds into double play, 4-6-3 (Groundball, 4)
Kunimichi Chikafuji scores
Victor Adams to third
Batting: LHB Jake Shelton 0-0: Ground out 4-3 (Groundball, 4)
Bottom of the 1st over - 2 run(s), 3 hit(s), 0 error(s), 1 left on base; Montana 0 - Las Vegas 2
TOP OF THE 2ND
Montana Pandas batting - Pitching for Las Vegas Flamingos : RHP David Collingwood
Batting: SHB Ramiro Salazar 0-0: Ball
1-0: SINGLE (Groundball, 6MD)
Batting: RHB Arlen Joysey 0-0: Ball
1-0: Foul Ball, location: 2F
1-1: Called Strike
1-2: Grounds into double play, 5-4-3 (Groundball, 56)
Batting: SHB Todd Hill 0-0: Ball
1-0: Foul Ball, location: 2F
1-1: Foul Ball, location: 2F
1-2: Strikes out swinging
Top of the 2nd over - 0 run(s), 1 hit(s), 0 error(s), 0 left on base; Montana 0 - Las Vegas 2
BOTTOM OF THE 2ND
Las Vegas Flamingos batting - Pitching for Montana Pandas : RHP Cisco Cruz
Batting: RHB Edmund Gallagher 0-0: Ground out 6-3 (Groundball, 6)
Batting: LHB Sinclair van Kooten 0-0: Called Strike
0-1: Ground out 6-3 (Groundball, 6)
Batting: SHB Wilbert Carter 0-0: Called Strike
0-1: SINGLE (Groundball, 4M) (infield hit)
Batting: RHB Sake van Arem 0-0: Ball
1-0: Swinging Strike
Passed Ball!
Wilbert Carter to second
1-1: Ground out 5-3 (Groundball, 56)
Bottom of the 2nd over - 0 run(s), 1 hit(s), 0 error(s), 1 left on base; Montana 0 - Las Vegas 2
TOP OF THE 3RD
Montana Pandas batting - Pitching for Las Vegas Flamingos : RHP David Collingwood
Batting: LHB Magali Lenidas 0-0: Called Strike
0-1: Ball
1-1: Ball
2-1: Called Strike
2-2: Foul Ball, location: 2F
2-2: Ball
3-2: Foul Ball, location: 2F
3-2: Strikes out swinging
Batting: RHB Mario Piña 0-0: Called Strike
0-1: Ground out 4-3 (Groundball, 4)
Batting: LHB Chris Etheridge 0-0: Ball
1-0: Called Strike
1-1: Fly out, F6 (Popup, 6)
Top of the 3rd over - 0 run(s), 0 hit(s), 0 error(s), 0 left on base; Montana 0 - Las Vegas 2
BOTTOM OF THE 3RD
Las Vegas Flamingos batting - Pitching for Montana Pandas : RHP Cisco Cruz
Batting: SHB Kunimichi Chikafuji 0-0: Called Strike
0-1: Ball
1-1: Swinging Strike
1-2: Ball
2-2: Strikes out looking
Batting: LHB Victor Adams 0-0: Swinging Strike
0-1: Ball
1-1: Fly out, F4 (Popup, 4D)
Batting: LHB Chris McKinney 0-0: SINGLE (Groundball, 34D)
Batting: RHB Jeff Young 0-0: Called Strike
0-1: Ball
1-1: Ball
2-1: SINGLE (Flyball, 89S)
Chris McKinney to second
Runner from 2nd tries for 3rd, SAFE, throw made to third
Batting: LHB Jake Shelton 0-0: Fielders Choice at 2nd, 4-6 (Groundball, 4)
Bottom of the 3rd over - 0 run(s), 2 hit(s), 0 error(s), 1 left on base; Montana 0 - Las Vegas 2
TOP OF THE 4TH
Montana Pandas batting - Pitching for Las Vegas Flamingos : RHP David Collingwood
Batting: RHB Gabriel Maldonado 0-0: Foul Ball, location: 2F
0-1: Foul Ball, location: 2F
0-2: Strikes out looking
Batting: LHB Dave Knight 0-0: Ball
1-0: Ground out 4-3 (Groundball, 34)
Batting: LHB Mario Cruz 0-0: Ball
1-0: Ball
2-0: Fly out, F9 (Flyball, 9S)
Top of the 4th over - 0 run(s), 0 hit(s), 0 error(s), 0 left on base; Montana 0 - Las Vegas 2
BOTTOM OF THE 4TH
Las Vegas Flamingos batting - Pitching for Montana Pandas : RHP Cisco Cruz
Batting: RHB Edmund Gallagher 0-0: SINGLE (Groundball, 56D)
Batting: LHB Sinclair van Kooten 0-0: Called Strike
0-1: SINGLE (Groundball, 4D)
Edmund Gallagher to second
Runner from 2nd tries for 3rd, SAFE, throw made to third
Batting: SHB Wilbert Carter 0-0: Called Strike
0-1: Called Strike
0-2: Ball
1-2: Foul Ball, location: 2F
1-2: Ball
2-2: Fly out, F9 (Line Drive, 9)
Runner from 3rd tags up, SCORES, throw made
Batting: RHB Sake van Arem 0-0: Called Strike
0-1: Swinging Strike
0-2: Fielders Choice at 2nd, 5-4 (Groundball, 56)
Pitching: LHP John Keller
Batting: SHB Kunimichi Chikafuji 0-0: Ball
1-0: Ball
2-0: Ball
3-0: Base on Balls
Sake van Arem to second
Batting: LHB Victor Adams 0-0: Ball
1-0: Swinging Strike
1-1: Foul Ball, location: 2F
1-2: Ball
2-2: Ball
3-2: Ground out 4-3 (Groundball, 4D)
Bottom of the 4th over - 1 run(s), 2 hit(s), 0 error(s), 2 left on base; Montana 0 - Las Vegas 3
TOP OF THE 5TH
Montana Pandas batting - Pitching for Las Vegas Flamingos : RHP David Collingwood
Batting: SHB Ramiro Salazar 0-0: Ball
1-0: Ball
2-0: Fly out, F8 (Flyball, 8RS)
Batting: RHB Arlen Joysey 0-0: Ball
1-0: Fly out, F9 (Flyball, 9LS)
Batting: SHB Todd Hill 0-0: Foul Ball, location: 2F
0-1: Ball
1-1: Ball
2-1: Fly out, F9 (Flyball, 9S)
Top of the 5th over - 0 run(s), 0 hit(s), 0 error(s), 0 left on base; Montana 0 - Las Vegas 3
BOTTOM OF THE 5TH
Las Vegas Flamingos batting - Pitching for Montana Pandas : LHP John Keller
Batting: LHB Chris McKinney 0-0: Ball
1-0: Ball
2-0: Fly out, F8 (Flyball, 78D)
Batting: RHB Jeff Young 0-0: Ground out 6-3 (Groundball, 6)
Batting: LHB Jake Shelton 0-0: Called Strike
0-1: Ball
1-1: Ball
2-1: Called Strike
2-2: Ball
3-2: Base on Balls
Batting: RHB Edmund Gallagher 0-0: Ball
1-0: Foul Ball, location: 2F
1-1: Ball
2-1: Ball
3-1: Fly out, F9 (Flyball, 9S)
Bottom of the 5th over - 0 run(s), 0 hit(s), 0 error(s), 1 left on base; Montana 0 - Las Vegas 3
TOP OF THE 6TH
Montana Pandas batting - Pitching for Las Vegas Flamingos : RHP David Collingwood
Batting: LHB Magali Lenidas 0-0: Ball
1-0: Swinging Strike
1-1: Swinging Strike
1-2: Foul Ball, location: 2F
1-2: Ball
2-2: Strikes out swinging
Batting: RHB Mario Piña 0-0: Ball
1-0: Ball
2-0: SINGLE (Line Drive, 6D)
Batting: LHB Chris Etheridge 0-0: Called Strike
0-1: Ball
1-1: Ground out 5-3 (Groundball, 25)
Mario Piña to second
Batting: RHB Gabriel Maldonado 0-0: Called Strike
0-1: Ball
1-1: Ball
2-1: Called Strike
2-2: SINGLE (Groundball, 56D)
Mario Piña to third
Runner from 3rd tries for Home, SAFE, no throw
Batting: LHB Dave Knight 0-0: Called Strike
0-1: Called Strike
0-2: Ball
1-2: Fly out, F4 (Popup, 4)
Top of the 6th over - 1 run(s), 2 hit(s), 0 error(s), 1 left on base; Montana 1 - Las Vegas 3
BOTTOM OF THE 6TH
Las Vegas Flamingos batting - Pitching for Montana Pandas : LHP John Keller
Batting: LHB Sinclair van Kooten 0-0: Swinging Strike
0-1: DOUBLE (Flyball, 9LM)
Batting: SHB Wilbert Carter 0-0: Ball
1-0: Ground out 6-3 (Groundball, 56)
Batting: RHB Sake van Arem 0-0: Intentional Walk
Pitching: RHP Shi-lin Li
Batting: SHB Kunimichi Chikafuji 0-0: Grounds out, U3 (Groundball, 3L)
Sinclair van Kooten to third
Batting: LHB Victor Adams 0-0: Ball
1-0: Swinging Strike
1-1: Ball
2-1: Called Strike
2-2: Foul Ball, location: 2F
2-2: Foul Ball, location: 2F
2-2: Ball
3-2: Ground out 4-3 (Groundball, 34)
Bottom of the 6th over - 0 run(s), 1 hit(s), 0 error(s), 2 left on base; Montana 1 - Las Vegas 3
TOP OF THE 7TH
Montana Pandas batting - Pitching for Las Vegas Flamingos : RHP David Collingwood
Batting: LHB Mario Cruz 0-0: Foul Ball, location: 2F
0-1: Foul Ball, location: 2F
0-2: Fly out, F8 (Flyball, 8RM)
Batting: SHB Ramiro Salazar 0-0: Fly out, F8 (Flyball, 8RS)
Batting: RHB Arlen Joysey 0-0: Ball
1-0: Fly out, F9 (Flyball, 9)
Top of the 7th over - 0 run(s), 0 hit(s), 0 error(s), 0 left on base; Montana 1 - Las Vegas 3
BOTTOM OF THE 7TH
Las Vegas Flamingos batting - Pitching for Montana Pandas : RHP Shi-lin Li
Batting: LHB Chris McKinney 0-0: Ball
1-0: Ball
2-0: Fly out, F8 (Flyball, 8RS)
Batting: RHB Jeff Young 0-0: Ball
1-0: Ball
2-0: SOLO HOME RUN (Flyball, 7D), Distance : 387 ft
Batting: LHB Jake Shelton 0-0: Ground out 1-3 (Groundball, 13)
Batting: RHB Edmund Gallagher 0-0: Ball
1-0: Called Strike
1-1: Ball
2-1: Foul Ball, location: 2F
2-2: Fly out, F8 (Flyball, 8LS)
Bottom of the 7th over - 1 run(s), 1 hit(s), 0 error(s), 0 left on base; Montana 1 - Las Vegas 4
TOP OF THE 8TH
Montana Pandas batting - Pitching for Las Vegas Flamingos : RHP David Collingwood
Batting: SHB Todd Hill 0-0: Called Strike
0-1: Ball
1-1: Swinging Strike
1-2: Strikes out swinging
Batting: LHB Magali Lenidas 0-0: Called Strike
0-1: Ball
1-1: Foul Ball, location: 2F
1-2: Strikes out swinging
Batting: RHB Mario Piña 0-0: Ball
1-0: Called Strike
1-1: Ball
2-1: Called Strike
2-2: Ball
3-2: Fly out, F8 (Flyball, 8RS)
Top of the 8th over - 0 run(s), 0 hit(s), 0 error(s), 0 left on base; Montana 1 - Las Vegas 4
BOTTOM OF THE 8TH
Las Vegas Flamingos batting - Pitching for Montana Pandas : RHP Shi-lin Li
Batting: LHB Sinclair van Kooten 0-0: Ball
1-0: Ball
2-0: Ball
3-0: Called Strike
3-1: Base on Balls
Batting: SHB Wilbert Carter 0-0: Ball
1-0: Bunt missed!
1-1: Ball
2-1: Bunt missed!
2-2: Foul Ball, location: 2F
2-2: Strikes out swinging
Pitching: RHP Dave Goode
Batting: RHB Sake van Arem 0-0: Called Strike
0-1: Ball
1-1: Called Strike
1-2: Ball
2-2: Ball
3-2: Grounds into double play, 1-4-3 (Groundball, 15)
Bottom of the 8th over - 0 run(s), 0 hit(s), 0 error(s), 0 left on base; Montana 1 - Las Vegas 4
TOP OF THE 9TH
Montana Pandas batting - Pitching for Las Vegas Flamingos : RHP David Collingwood
Batting: LHB Chris Etheridge 0-0: Ball
1-0: Fly out, F7 (Flyball, 78M)
Batting: RHB Gabriel Maldonado 0-0: Called Strike
0-1: Ball
1-1: Foul Ball, location: 2F
1-2: Strikes out swinging
Batting: LHB Dave Knight 0-0: Called Strike
0-1: Ball
1-1: Called Strike
1-2: Fly out, F9 (Flyball, 9LS)
Top of the 9th over - 0 run(s), 0 hit(s), 0 error(s), 0 left on base; Montana 1 - Las Vegas 4
Friday, December 30th, 2016 - OOTP Baseball 17.12 Build 75